 Dungeon Crawl Stone Soup version 0.25-a0-661-g55ea3d2053 (webtiles) character file.

Game seed: 1392180603723834669, levelgen mode: deterministic

76 kae the Insei (level 4, 0/32 HPs)
             Began as a Merfolk Transmuter on Mar 23, 2020.
             Slain by a hound (1 damage)
             ... on level 2 of the Dungeon.
             The game lasted 00:01:44 (1579 turns).

kae the Insei (Merfolk Transmuter)                  Turns: 1579, Time: 00:01:45

Health: 0/32       AC:  2    Str: 10    XL:     4   Next: 32%
Magic:  0/7        EV: 13    Int: 11    God:
Gold:   37         SH:  4    Dex: 14    Spells: 2/8 levels left

rFire    . . .     SeeInvis .     - Unarmed
rCold    . . .     Gourm    .   (no shield)
rNeg     . . .     Faith    .   b - +0 robe
rPois    .         Spirit   .   (no helmet)
rElec    .         Reflect  .   (no cloak)
rCorr    .         Harm     .   (no gloves)
MR       .....                  (no boots)
Stlth    +.........             (no amulet)
HPRegen  0.10/turn              (no ring)
MPRegen  0.10/turn              (no ring)

@: very slightly contaminated
A: change form in water, swift swim, stealthy swim, large bone plates 1, dopey 1
a: no special abilities


You were on level 2 of the Dungeon.
You were not hungry.

You visited 1 branch of the dungeon, and saw 2 of its levels.

You collected 37 gold pieces.

Inventory:

Missiles
 a - 35 arrows
Armour
 b - a +0 robe (worn)
Scrolls
 e - a scroll of remove curse
 f - a scroll of magic mapping {unknown}
 h - a scroll of blinking
Comestibles
 c - 4 chunks of flesh
 d - 2 rations


   Skills:
 - Level 1.1 Fighting
 - Level 2.6 Dodging
 * Level 4.5 Unarmed Combat
 + Level 2.6 Spellcasting
 + Level 3.7 Transmutations


You had 2 spell levels left.
You knew the following spells:

 Your Spells              Type           Power        Failure   Level  Hunger
a - Beastly Appendage     Tmut           #.....       6%          1    ##.....
b - Sticks to Snakes      Tmut           #.......     9%          2    ###....
c - Spider Form           Tmut/Pois      #.........   36%         3    ####...

Your spell library contained the following spells:

 Spells                   Type           Power        Failure   Level  Hunger
 Ice Form                 Ice/Tmut       #.......     77%         4    #####..
 Blade Hands              Tmut           #.........   86%         5    ######.


Dungeon Overview and Level Annotations

Branches:
Dungeon (2/15)

Altars:
Dithmenos


Innate Abilities, Weirdness & Mutations

You revert to your normal form in water.
You are very nimble and swift while swimming.
You are very stealthy in the water. (Stealth+)
You are partially covered in large bone plates. (SH +4)
You are dopey. (Int -2)


Message History

The hound bites you.
Casting: Spider Form (safe; 32% risk of failure)
Confirm with . or Enter, or press ? or * to list all spells.
You miscast Spider Form.
You feel odd. The hobgoblin hits you with a +0 club. The hound bites you.
* * * LOW HITPOINT WARNING * * *
It was a potion of mutation.
You feel extremely strange.
You feel stupid.
Large bone plates grow over parts of your arms.
The hound bites you.
* * * LOW HITPOINT WARNING * * *
The hobgoblin closely misses you. The hound bites you.
* * * LOW HITPOINT WARNING * * *
You hit the hound.
The hound is severely wounded.
The hobgoblin closely misses you. The hound misses you.
You closely miss the hound.
The hound is severely wounded.
The hound bites you.
You die...

#.....#
#.....#
#.....#
#.[.†.#
#.....#
####.....##
#.........#
#.......#.#
#.....@.#.#
#.....hg..#
#.......###
#....?..#
#.......#
#>.......
#......$#.
#.......###
######.##


You could see a hound and a hobgoblin.

Vanquished Creatures
  Natasha (D:2)
  A worm (D:2)
  A dart slug (D:1)
  3 leopard geckos
  2 giant cockroaches (D:1)
  6 goblins
  A hobgoblin (D:1)
  4 jackals
  7 kobolds
  7 bats (D:1)
  5 frilled lizards
  3 rats (D:1)
41 creatures vanquished.

Notes
Turn   | Place    | Note
-------+----------+-------------------------------------------
     0 | D:1      | kae the Merfolk Transmuter began the quest for the Orb.
     0 | D:1      | Reached XP level 1. HP: 15/15 MP: 3/3
   308 | D:1      | Reached XP level 2. HP: 7/21 MP: 3/5
   506 | D:1      | Learned a level 2 spell: Sticks to Snakes
   892 | D:1      | Reached skill level 4 in Unarmed Combat
   892 | D:1      | Reached XP level 3. HP: 22/26 MP: 4/6
  1261 | D:2      | Found a shadowy altar of Dithmenos.
  1269 | D:2      | Learned a level 3 spell: Spider Form
  1390 | D:2      | Noticed Natasha
  1394 | D:2      | Found a faded altar of an unknown god.
  1404 | D:2      | Killed Natasha
  1404 | D:2      | Reached XP level 4. HP: 23/32 MP: 3/7
  1577 | D:2      | Gained mutation: You are dopey. (Int -2) [potion of
                  | mutation]
  1577 | D:2      | Gained mutation: You are partially covered in large bone
                  | plates. (SH +4) [potion of mutation]
  1577 | D:2      | HP: 1/32 [hound (4)]
  1579 | D:2      | Slain by a hound

Levels and vault maps discovered:
D:1:      eino_arrival_cavern_e, layout_rooms
D:2:      minmay_razor_zed, layout_basic, lemuel_crystal_altar,
          chequers_ecumenical_altar_simple_redux, minmay_misc_feat_five,
          uniq_natasha

Skill      XL: |  1  2 |
---------------+-------+-----
Transmutations | 3 |  3.7
Unarmed Combat | 4 |  4.5
Fighting       | |  1.1
Dodging        | |  2.6
Spellcasting   | |  2.6

Action                   |  1- 3 |  4- 6 || total
-------------------------+-------+-------++-------
Melee: Unarmed           |   143 |     8 ||   151
       Headbutt          |     8 |       ||     8
       Punch             |     1 |       ||     1
 Cast: Beastly Appendage |    18 |       ||    18
       Spider Form       |     2 |     1 ||     3
  Use: Scroll            |     5 |       ||     5
       Potion            |       |     1 ||     1
  Eat: Chunk             |     2 |     1 ||     3
Armor: Robe              |    26 |       ||    26
Dodge: Dodged            |   106 |    12 ||   118

Table legend:
 A = Non-vault XP
 B = Vault XP
 C = Vault XP percentage of total XP
 D = Non-vault monster count
 E = Vault monster count
 F = Vault count percentage of total count
                 A         B        C        D         E       F
            +---------+---------+-------+---------+---------+-------
      Total |      74 |      35 |  32.1 |      40 |       1 |   2.4
            +---------+---------+-------+---------+---------+-------
        D:1 |      51 |       0 |   0.0 |      30 |       0 |   0.0
        D:2 |      23 |      35 |  60.3 |      10 |       1 |   9.1
            +---------+---------+-------+---------+---------+-------
